 Seeded DCSS version 0.32-a0-468-g38b2580584 (webtiles) character file.

Game seed: 5561016692757797035 (custom seed)

1302 CInkIbrahim the Carver (level 8, 0/56 HPs)
             Began as a Coglin Gladiator on Feb 25, 2024.
             Was an Initiate of Gozag.
             Succumbed to Duvessa's poison
             ... on level 5 of the Dungeon.
             The game lasted 00:14:05 (4902 turns).

CInkIbrahim the Carver (Coglin Gladiator)           Turns: 4902, Time: 00:14:05

Health: 0/56       AC:  6    Str: 15    XL:     8   Next: 57%
Magic:  8/8        EV: 13    Int:  8    God:    Gozag
Gold:   254        SH:  5    Dex: 17    Spells: 7/7 levels left

rFire   + . .        a - +1 falchion (flame) {Liesl}
rCold   + + .        D - +0 scimitar {Aahotepre}
rNeg    . . .        f - +2 robe {rC+ rF+}
rPois   +            y - +0 helmet
rElec   +            o - +0 cloak
rCorr   .            (no gloves)
SInv    .            (no boots)
Will    +....        h - amulet "Fyuwo" {Reflect ^Drain rElec rPois rC+ SH+5}
Stlth   ++           (ring unavailable)
HPRegen 0.29/turn    (ring unavailable)
MPRegen 0.11/turn

%: reflection
@: lethally poisoned (0 -> -4), gold aura, enlightened, flying, hasted, revving,
very quick
A: off-hand wielding, slow wielding, warmup strikes, no rings
a: Renounce Religion, Potion Petition, Call Merchant, Bribe Branch


You were on level 5 of the Dungeon.
You worshipped Gozag.
Gozag was aware of your devotion.
You visited 2 branches of the dungeon, and saw 6 of its levels.

You collected 310 gold pieces.
You paid 56 gold pieces to Gozag.

Inventory:

Hand Weapons
 a - a +1 falchion of flaming (weapon) {Liesl}
 b - a +2 dagger of draining {Fatehjeet}
 x - a +1 whip of freezing
 D - a +0 scimitar (offhand) {Aahotepre}
Missiles
 d - 3 throwing nets
 e - 5 javelins
 i - 2 poisoned darts (quivered)
Armour
 c - a +0 helmet
 f - a +2 robe of resistance (worn)
 m - a +0 ring mail
 o - a +0 cloak (worn)
 y - a +0 helmet (worn)
 C - a +0 leather armour
Jewellery
 h - the amulet "Fyuwo" (around neck) {Reflect ^Drain rElec rPois rC+ SH+5}
   (You found it on level 3 of the Dungeon)

   [amulet of reflection]

   Reflect:   It reflects blocked missile attacks.
   rC+:       It protects you from cold.
   rElec:     It insulates you from electricity.
   rPois:     It protects you from poison ^Drain: It drains your maximum health
   when unequipped.
   SH+5:      It affects your SH (+5).
 r - an amulet of magic regeneration
 v - an amulet of faith
Talismans
 l - a serpent talisman
 n - a maw talisman
Wands
 t - a wand of flame (11)
Scrolls
 g - a scroll of teleportation {unknown}
 j - a scroll of blinking {unknown}
 k - a scroll of fog {unknown}
 p - 2 scrolls of fear
 q - a scroll of noise
 s - 2 scrolls of poison
 u - 2 scrolls of amnesia
Potions
 z - a potion of magic


   Skills:
 - Level 2.0 Fighting
 + Level 10.6 Long Blades
 - Level 1.7 Throwing
 - Level 2.6 Dodging


You had 7 spell levels left.
You didn't know any spells.
Your spell library contained the following spells:

 Spells                   Type           Power      Damage    Failure   Level
 Foxfire                  Conj/Fire      0%         2x1d4     41%         1
 Magic Dart               Conj           0%         1d3       41%         1
 Blink                    Tloc           0%         N/A       54%         2
 Call Imp                 Summ           0%         N/A       54%         2
 Cigotuvi's Dreadful Rot  Necr/Alch/Air  0%         N/A       54%         2
 Lesser Beckoning         Tloc           0%         N/A       54%         2
 Momentum Strike          Conj/Tloc      0%         3d8       54%         2
 Sublimation of Blood     Necr           0%         N/A       54%         2
 Animate Armour           Summ/Erth      0%         N/A       99%         4
 Dispel Undead            Necr           0%         3d6       99%         4
 Martyr's Knell           Necr/Summ      0%         N/A       99%         4
 Summon Lightning Spire   Summ/Air       0%         N/A       99%         4
 Lee's Rapid Deconstruct  Erth           0%         3d4*      100%        5
 Death Channel            Necr           0%         N/A       100%        6
 Plasma Beam              Fire/Air       0%         2x1d10    100%        6
 Starburst                Conj/Fire      0%         6d3       100%        6
 Summon Hydra             Summ           0%         N/A       100%        7


Dungeon Overview and Level Annotations

Branches:
Dungeon (5/15)             Temple (1/1) D:4

Altars:
Ashenzari
Cheibriados
Elyvilon
Fedhas
Gozag
Hepliaklqana
Kikubaaqudgha
Makhleb
Nemelex Xobeh
Okawaru
Ru
Sif Muna
Uskayaw
Vehumet
Wu Jian
Xom
Yredelemnul
Zin
The Shining One

Annotations:
D:5 3 runed translucent doors, Duvessa; lupinibeans's ghost, novice DrBe


Innate Abilities, Weirdness & Mutations

You can wield a second weapon in your off-hand.
It takes a long time for you to wield or remove held weapons.
Your first few attacks do less damage.
Your grasper-arms cannot wear rings.


Message History

Okay, then.
Unknown command.
Okay, then.
Okay, then.
Okay, then.
Okay, then.
Throw: 2 darts (poison)
Press: ? - help, Q - select action, (/) - cycle Shift-Dir - straight line, f - Duvessa
Aim: Duvessa, wielding a +4 short sword of venom and wearing a +0 leather armour (heavily wounded, berserk, 61% to hit)
Okay, then.
Throw: 5 throwing nets
Press: ? - help, Shift-Dir - straight line, f - Duvessa
Aim: Duvessa, wielding a +4 short sword of venom and wearing a +0 leather armour (heavily wounded, berserk, 61% to hit)
You throw a throwing net.
The throwing net closely misses Duvessa.
* * * LOW HITPOINT WARNING * * *
You feel sick. Duvessa closely misses you.
Throw: 4 throwing nets
Press: ? - help, Shift-Dir - straight line, f/p - Duvessa
Aim: Duvessa, wielding a +4 short sword of venom and wearing a +0 leather armour (heavily wounded, berserk, 61% to hit)
You throw a throwing net. The throwing net hits Duvessa.
Duvessa is caught in the net!
Duvessa is heavily wounded.
* * * LOW HITPOINT WARNING * * *
You feel sick.
Duvessa struggles against the net.
* * * LOW HITPOINT WARNING * * *
You feel sick.
Duvessa struggles against the net.
* * * LOW HITPOINT WARNING * * *
You feel sick.
Duvessa struggles against the net.
* * * LOW HITPOINT WARNING * * *
You feel sick.
Duvessa struggles against the net.
The net rips apart, and Duvessa comes free!
* * * LOW HITPOINT WARNING * * *
You feel sick.
There is an open door here.
Okay, then.
* * * LOW HITPOINT WARNING * * *
You feel sick.
You die...
Your body crumbles into a pile of gold.

.#.......#............# #...5.
.##############..##..## ##.....
.........#...##..##..##. #.....#
.........#.............. #.....'
.........#.............. #.....#
.........#.............. #.....#
.........#.[.....##########.....#
###......#.......##......"#......
..#......#......@.'.......#......
..#......#........#.......######.
..#......#........#........# #.
..#......#........#..e.....# #.
..#......#........#........+ #.
..#......##########.....#### #.
'#####.<......... #.....# #.
.....#............#....... #.
.....#............#........ #.


There were no monsters in sight!

Vanquished Creatures
  Pikel (D:5)
  Sigmund (D:2)
  Menkaure (D:4)
  A lemure (D:5)
  Blork the orc (D:4)
  Dowan (D:5)
  A hound (D:5)
  A bombardier beetle (D:5)
  A jelly (D:5)
  An orc priest (D:4)
  A sleepcap (D:5)
  An iguana (D:4)
  3 orc wizards (D:4)
  Robin (D:3)
  4 gnolls
  4 adders (D:3)
  4 dart slugs
  2 ribbon worms (D:2)
  5 orcs
  5 bats
  13 endoplasms
  6 giant cockroaches (D:1)
  12 goblins
  9 hobgoblins
  11 jackals
  10 kobolds
  2 quokkas
  5 ball pythons
  6 frilled lizards
  12 rats
126 creatures vanquished.

Notes
Turn   | Place    | Note
-------+----------+-------------------------------------------
     0 | D:1      | CInkIbrahim the Coglin Gladiator began the quest for the
                  | Orb.
     0 | D:1      | Reached XP level 1. HP: 16/16 MP: 1/1
     1 | D:1      | Found a runed translucent door.
   150 | D:1      | Reached XP level 2. HP: 21/22 MP: 2/2
   226 | D:1      | Reached skill level 4 in Long Blades
   273 | D:1      | Reached XP level 3. HP: 27/27 MP: 3/3
   891 | D:1      | Reached XP level 4. HP: 30/33 MP: 4/4
  1134 | D:2      | Reached skill level 5 in Long Blades
  1229 | D:2      | Noticed Sigmund
  1242 | D:2      | Killed Sigmund
  1243 | D:2      | Reached skill level 6 in Long Blades
  1243 | D:2      | Reached XP level 5. HP: 14/38 MP: 5/5
  1243 | D:2      | Reached XP level 6. HP: 17/44 MP: 6/6
  1634 | D:3      | Identified the amulet "Fyuwo" {Reflect ^Drain rElec rPois
                  | rC+ SH+5}
  2038 | D:3      | Reached skill level 7 in Long Blades
  2208 | D:4      | Noticed Robin
  2218 | D:3      | Killed Robin
  2914 | D:4      | Noticed Menkaure
  2921 | D:4      | Killed Menkaure
  2922 | D:4      | Reached skill level 8 in Long Blades
  2922 | D:4      | Reached XP level 7. HP: 4/50 MP: 7/7
  3165 | D:4      | Found a staircase to the Ecumenical Temple.
  3230 | D:4      | Noticed Blork the orc
  3239 | D:4      | Killed Blork the orc
  3522 | Temple   | Entered the Ecumenical Temple
  3711 | Temple   | Became a worshipper of Gozag Ym Sagoz the Greedy
  4407 | D:5      | Entered Level 5 of the Dungeon
  4498 | D:5      | Reached skill level 9 in Long Blades
  4692 | D:5      | Found a runed translucent gate.
  4693 | D:5      | Found a runed translucent gate.
  4698 | D:5      | Found a runed translucent gate.
  4698 | D:5      | Noticed lupinibeans's ghost (novice DrBe)
  4751 | D:5      | Noticed Pikel
  4792 | D:5      | Killed Pikel
  4793 | D:5      | Reached skill level 10 in Long Blades
  4793 | D:5      | Reached XP level 8. HP: 41/56 MP: 8/8
  4875 | D:5      | Noticed Duvessa
  4877 | D:5      | Noticed Dowan
  4886 | D:5      | Killed Dowan
  4899 | D:5      | HP: 2/56 [poisoned by Duvessa]
  4902 | D:5      | Succumbed to Duvessa's poison

Illustrated notes

Levels and vault maps discovered:
D:1:      dpeg_arrival_caged_fury, layout_loops_ring
D:2:      layout_rooms, chequers_serial_rivers_small_b, uniq_sigmund
D:3:      layout_basic
D:4:      layout_basic, temple_statues, grunt_decor_clamped, uniq_robin,
          uniq_menkaure, uniq_blork_the_orc
D:5:      layout_gridville, gammafunk_ghost_split, uniq_duvessa, uniq_pikel
Temple:   nicolae_temple_bog_church

Skill      XL: |  1  2  3  4  5  6  7 |
---------------+----------------------+-----
Long Blades    | 4 6 8 10 | 10.6
Fighting       | |  2.0
Throwing       | |  1.7
Dodging        | |  2.6

Action                     |  1- 3 |  4- 6 |  7- 9 || total
---------------------------+-------+-------+-------++-------
  Melee: Long sword        |    36 |       |       ||    36
         Spear             |     7 |       |       ||     7
         Short sword       |    48 |   121 |       ||   169
         Falchion          |    31 |   139 |    62 ||   232
         Dagger            |       |    20 |     6 ||    26
         Scimitar          |       |       |    53 ||    53
  Throw: Throwing net      |       |       |     2 ||     2
    Use: Potion            |       |     1 |     4 ||     5
         Scroll            |       |     5 |       ||     5
   Stab: Sleeping          |     2 |       |     1 ||     3
 Armour: Leather armour    |    35 |     3 |       ||    38
         Ring mail         |       |    76 |    12 ||    88
         Robe              |       |       |    11 ||    11
  Dodge: Dodged            |    51 |    82 |    25 ||   158
  Block: Other             |       |    23 |    10 ||    33

Table legend: (Time is in decaauts)
 A = Elapsed time spent in this place.
 B = Non-inter-level travel time spent in this place.
 C = Inter-level travel time spent in this place.
 D = Time resting spent in this place.
 E = Time spent auto-exploring this place.
 F = Levels seen in this place.
 G = Mean time per level.
                   A        B        C        D        E       F      G
               +--------+--------+--------+--------+--------+-----+--------+
         Total |   4880 |   4384 |    496 |    535 |   2696 |   6 |  813.3 |
       Dungeon |   4661 |   4207 |    454 |    535 |   2696 |   5 |  932.2 |
        Temple |    219 |    177 |     42 |      0 |      0 |   1 |  219.0 |
               +--------+--------+--------+--------+--------+-----+--------+

Top non-repeatable levels by time:
     D:4: 1850 daAuts
     D:1: 1043 daAuts
     D:3: 703 daAuts
     D:2: 579 daAuts
     D:5: 482 daAuts
  Temple: 219 daAuts
